 Dungeon Crawl Stone Soup version 0.28-a0-247-gb8bfbab023 (webtiles) character file.

Game seed: 11744722166549178215

336 speeev33 the Skirmisher (level 6, -2/58 HPs)
             Began as a Hill Orc Fighter on Aug 26, 2021.
             Slain by a river rat (6 damage)
             ... summoned by Eustachio
             ... on level 4 of the Dungeon.
             The game lasted 00:06:51 (3737 turns).

speeev33 the Skirmisher (Hill Orc Fighter)          Turns: 3737, Time: 00:06:52

Health: -2/58      AC:  9    Str: 21      XL:     6   Next: 54%
Magic:  6/6        EV:  7    Int:  8      God:
Gold:   137        SH:  7    Dex:  6 (10) Spells: 5/5 levels left

rFire   . . .      SeeInvis +   a - +0 war axe
rCold   . . .      Faith    .   c - +0 kite shield
rNeg    . . .      Spirit   .   b - +0 scale mail
rPois   .          Reflect  .   m - +0 helmet
rElec   .          Harm     .   (no cloak)
rCorr   .          Rampage  .   p - +0 pair of gloves
Will    .....                   (no boots)
Stlth   ..........              (no amulet)
HPRegen 0.19/turn               f - ring of flight
MPRegen 0.10/turn               g - ring of see invisible

@: flying
A: no striking features
a: no special abilities


You were on level 4 of the Dungeon.
You visited 1 branch of the dungeon, and saw 4 of its levels.

You collected 137 gold pieces.

Inventory:

Hand Weapons
 a - a +0 war axe (weapon)
 q - a +0 flail
Missiles
 e - 116 stones (quivered)
Armour
 b - a +0 scale mail (worn)
 c - a +0 kite shield (worn)
 m - a +0 helmet (worn)
 p - a +0 pair of gloves (worn)
Jewellery
 f - a ring of flight (left hand)
 g - a ring of see invisible (right hand)
Scrolls
 h - a scroll of enchant weapon {unknown}
 i - a scroll of magic mapping {unknown}
 j - a scroll of brand weapon {unknown}
 l - 2 scrolls of teleportation {unknown}
 r - a scroll of noise {unknown}
Potions
 d - a potion of resistance {unknown}
 k - a potion of heal wounds
 n - 2 potions of lignification {unknown}
 o - a potion of brilliance {unknown}
 s - 2 potions of curing {unknown}
 t - a potion of mutation {unknown}


   Skills:
 + Level 6.5 Fighting
 + Level 6.5 Axes
 - Level 3.2 Armour
 - Level 3.2 Shields


You had 5 spell levels left.
You didn't know any spells.
Your spell library contained the following spells:

 Spells                   Type           Power      Damage    Failure   Level
 Ensorcelled Hibernation  Hex/Ice        0%         N/A       100%        2
 Spider Form              Tmut/Pois      0%         N/A       100%        3
 Shadow Creatures         Summ           N/A        N/A       100%        6


Dungeon Overview and Level Annotations

Branches:
Dungeon (4/15)
 Temple: D:4-7

Altars:
Dithmenos
Fedhas
Yredelemnul

Annotations:
D:4 Eustachio


Message History

The river rat bites you. The iron imp hits you.
You block the river rat's attack.
You hit the iron imp but do no damage.
The iron imp is severely wounded.
You closely miss the river rat. The iron imp barely misses you.
Eustachio screams, "This atrocity can only be purified with blood!"
The river rat barely misses you. The iron imp barely misses you.
You barely miss the iron imp.
The iron imp is severely wounded.
You hit the river rat but do no damage. The river rat bites you.
The iron imp hits you. The river rat barely misses you.
Unknown command.
You hit the iron imp but do no damage.
The iron imp is severely wounded.
You hit the river rat. You block the river rat's attack. The iron imp hits you.
You hit the iron imp but do no damage.
The iron imp is severely wounded.
You closely miss the river rat.
The river rat bites you but does no damage.
The iron imp hits you. You block the river rat's attack.
You slash the iron imp!
You kill the iron imp!
You closely miss the river rat.
Eustachio gestures wildly while chanting.
The river rat twitches its whiskers.
The river rat bites you!
* * * LOW HITPOINT WARNING * * *
You miss the bat. You hit the river rat. You closely miss the river rat.
The bat disappears in a puff of smoke!
The river rat disappears in a puff of smoke!
The bat hits you but does no damage. The bat barely misses you.
The bat hits you but does no damage.
The river rat bites you but does no damage.
Eustachio hits you with a +0 rapier!
* * * LOW HITPOINT WARNING * * *
You barely miss Eustachio.
Eustachio is almost dead.
You miss the bat. You hit the river rat. The bat barely misses you.
The bat hits you but does no damage. The river rat bites you.
You die...

#.#.# #..###.###.##....
#.#.# #..# #.###.##....
#.#.#######..###.##........
#.#.#............##..##.###
#.#.#(#####..##.#.#..##.#
#.#.#.## #..>.###......#
#.# ... #b###.#.#..####
#.###b###...#..#
#(..@r.........#
#.###@###...#### ... #r#
##.## #.## #.. ... #.
######. #


You could see Eustachio, a river rat (summoned), a quokka (summoned) and 2 bats.

Vanquished Creatures
  Blork the orc (D:4)
  A bullfrog zombie (D:4)
  An orc priest (D:4)
  Terence (D:2)
  2 orc wizards (D:4)
  A hound zombie (D:4)
  2 adders
  2 adder zombies (D:4)
  3 worms
  2 dart slugs
  7 orcs
  4 ball pythons
  3 endoplasms
  10 giant cockroaches
  5 goblins
  7 hobgoblins
  3 quokkas
  7 bats
  5 frilled lizards
  6 kobolds
  4 rats
77 creatures vanquished.

Vanquished Creatures (others)
  4 plants (D:4)
4 creatures vanquished.

Grand Total: 81 creatures vanquished

Notes
Turn   | Place    | Note
-------+----------+-------------------------------------------
     0 | D:1      | speeev33 the Hill Orc Fighter began the quest for the Orb.
     0 | D:1      | Reached XP level 1. HP: 19/19 MP: 1/1
   177 | D:1      | Reached XP level 2. HP: 23/27 MP: 2/2
   664 | D:1      | Found a faded altar of an unknown god.
   810 | D:1      | Reached XP level 3. HP: 34/34 MP: 3/3
  1367 | D:2      | Noticed Terence
  1387 | D:2      | Killed Terence
  1388 | D:2      | Reached XP level 4. HP: 15/41 MP: 4/4
  1923 | D:2      | Reached skill level 5 in Fighting
  2362 | D:3      | Reached skill level 5 in Axes
  2527 | D:3      | Found a blossoming altar of Fedhas.
  2771 | D:4      | Noticed Blork the orc
  2782 | D:4      | Killed Blork the orc
  2783 | D:4      | Reached XP level 5. HP: 32/50 MP: 5/5
  2788 | D:4      | Reached XP level 6. HP: 38/57 MP: 6/6
  2965 | D:4      | Noticed Eustachio
  3325 | D:4      | Found a shadowy altar of Dithmenos.
  3547 | D:4      | Found a basalt altar of Yredelemnul.
  3737 | D:4      | Slain by a river rat

Illustrated notes

Levels and vault maps discovered:
D:1:      minmay_arrival_shattered_statue, layout_basic,
          hellmonk_ecumenical_altar_leap_of_faith, minmay_worlds_worst_comb
D:2:      layout_basic, minmay_puff, uniq_terence
D:3:      layout_rooms, fedhas_altar_1, serial_curves, eino_curves_04,
          eino_curves_04, kennysheep_flooded_box, minivault_14,
          kennysheep_minor_cross
D:4:      layout_loops_ring, mainiacjoe_overflow_boulevard,
          nicolae_yredelemnul_corpse_copse, minmay_statues_item, wad_orctagon,
          uniq_eustachio, uniq_blork_the_orc

Skill      XL: |  1  2  3  4  5 |
---------------+----------------+-----
Axes           | 3 4 5 6 |  6.5
Fighting       | 4 5 6 |  6.5
Armour         | |  3.2
Shields        | |  3.2

Action                   |  1- 3 |  4- 6 || total
-------------------------+-------+-------++-------
Melee: War axe           |    98 |   197 ||   295
  Use: Potion            |     1 |     1 ||     2
Armor: Scale mail        |    53 |   132 ||   185
Dodge: Dodged            |    32 |    84 ||   116
Block: Kite shield       |    44 |   103 ||   147

Table legend: (Time is in decaauts)
 A = Elapsed time spent in this place.
 B = Non-inter-level travel time spent in this place.
 C = Inter-level travel time spent in this place.
 D = Time resting spent in this place.
 E = Time spent auto-exploring this place.
 F = Levels seen in this place.
 G = Mean time per level.
                   A        B        C        D        E       F      G
               +--------+--------+--------+--------+--------+-----+--------+
         Total |   3879 |   3696 |    183 |    719 |   1992 |   4 |  969.8 |
       Dungeon |   3879 |   3696 |    183 |    719 |   1992 |   4 |  969.8 |
               +--------+--------+--------+--------+--------+-----+--------+

Top non-repeatable levels by time:
     D:2: 1058 daAuts
     D:1: 1002 daAuts
     D:3: 939 daAuts
     D:4: 878 daAuts
